 Dungeon Crawl Stone Soup version 0.28-a0-863-g8cecda6153 (webtiles) character file.

Game seed: 10506123891985549975

96 gigimoi the Ruffian (level 4, -2/41 HPs)
             Began as a Troll Transmuter on Nov 17, 2021.
             Splashed by a jelly's acid (5 damage)
             ... on level 2 of the Dungeon.
             The game lasted 00:07:02 (904 turns).

gigimoi the Ruffian (Troll Transmuter)               Turns: 904, Time: 00:07:02

Health: -2/41      AC:  0    Str: 19    XL:     4   Next: 41%
Magic:  1/5        EV: 10    Int:  9    God:
Gold:   46         SH:  0    Dex: 10    Spells: 2/5 levels left

rFire   . . .      SeeInvis .     - Unarmed
rCold   . . .      Faith    .   (no shield)
rNeg    . . .      Spirit   .   a - +0 robe
rPois   .          Reflect  .   (helmet currently unavailable)
rElec   .          Harm     .   (no cloak)
rCorr   .          Rampage  .   (gloves unavailable)
Will    .....                   (boots unavailable)
Stlth   +.........              (no amulet)
HPRegen 1.13/turn               i - +4 ring of protection
MPRegen 0.09/turn               (no ring)

@: appendages (expiring), wereblooded, corroded
A: horns 2, talons 2, large, unfitting armour, claws 3, regeneration 1, shaggy
fur 1, tough skin 1
a: End Transformation


You were on level 2 of the Dungeon.
You had temporarily grown beastly horns and talons.
You visited 1 branch of the dungeon, and saw 2 of its levels.

You collected 46 gold pieces.

Inventory:

Armour
 a - a +0 robe (worn)
Jewellery
 i - a +4 ring of protection (left claw)
Scrolls
 c - a scroll of fog {unknown}
 d - a scroll of immolation {unknown}
 e - a scroll of noise {unknown}
 f - 3 scrolls of identify {unknown}
 h - a scroll of blinking {unknown}
Potions
 b - a potion of invisibility {unknown}
 g - 2 potions of lignification {unknown}


   Skills:
 - Level 1.0 Fighting
 + Level 2.2 Dodging
 + Level 3.7 Unarmed Combat
 - Level 1.3 Spellcasting
 * Level 2.5 Transmutations


You had 2 spell levels left.
You knew the following spells:

 Your Spells              Type           Power      Damage    Failure   Level
a - Beastly Appendage     Tmut           10%        N/A       13%         1
b - Wereblood             Tmut           5%         N/A       19%         2

Your spell library contained the following spells:

 Spells                   Type           Power      Damage    Failure   Level
 Slow                     Hex            0%         N/A       34%         1
 Spider Form              Tmut/Pois      2%         N/A       54%         3
 Confusing Touch          Hex            0%         N/A       71%         3
 Vampiric Draining        Necr           0%         2d6       71%         3
 Ice Form                 Ice/Tmut       2%         N/A       91%         4


Dungeon Overview and Level Annotations

Branches:
Dungeon (2/15)

Altars:


Innate Abilities, Weirdness & Mutations

You have temporarily grown beastly horns and talons.
You are too large for most types of armour.
You have claws for hands.
Your natural rate of healing is unusually fast.
You are covered in fur. (AC +1)
You have tough skin. (AC +1)


Message History

You barely miss the endoplasm. The endoplasm freezes you.
You are frozen.
An endoplasm comes into view.
You claw the endoplasm!
You kill the endoplasm!
You claw the jelly!
Your claws burn!
The jelly is heavily wounded.
The jelly hits you. The acid corrodes you!
You are splashed with acid!
An endoplasm comes into view.
The endoplasm quivers.
You scratch the jelly.
Your claws burn!
The jelly is severely wounded.
The jelly hits you but does no damage.
Casting: Beastly Appendage (safe; 14% risk of failure)
Confirm with . or Enter, or press ? or * to list all spells.
You grow a pair of large bovine horns.
Your feet morph into talons.
The jelly misses you.
Casting: Beastly Appendage (safe; 14% risk of failure)
Confirm with . or Enter, or press ? or * to list all spells.
Your blood is infused with primal strength.
Your transformation is almost over.
The jelly hits you but does no damage.
You completely miss the jelly. You claw the jelly.
You headbutt the jelly, but do no damage.
The jelly is severely wounded.
The jelly hits you. The acid corrodes you!
You are splashed with acid!
* * * LOW HITPOINT WARNING * * *
You scratch the jelly.
You feel a bit better.
You kill the jelly!
An endoplasm comes into view.
You have reached level 4!
You claw the endoplasm!
You feel a bit better.
You kill the endoplasm!
You scratch the jelly but do no damage.
Your claws burn!
The jelly hits you.
* * * LOW HITPOINT WARNING * * *
You are splashed with acid!
* * * LOW HITPOINT WARNING * * *
You scratch the jelly.
Your claws burn!
You die...

#..# ##..#.#. ..##..##
#....#.
J.##...###...##.
P÷##....##.#.##.
..##.......#(##.
÷.##...#####....
J.##...####.....
#######J# #....##......
##..)..@# #.........†..
#.########
#...###......
##..'....#
#............
####....###.#.###......
#.......##..#.###......
#.(.....##..#..##......
#.......##.............
#.......##.###.....>..#
##.....###.###..###..##


You could see a jelly and 2 endoplasms.

Vanquished Creatures
  A jelly (D:2)
  An adder (D:2)
  2 dart slugs
  8 bats
  3 endoplasms
  A giant cockroach (D:1)
  A hobgoblin (D:1)
  4 jackals (D:1)
  4 quokkas (D:1)
  7 ball pythons
  6 frilled lizards
  2 goblins
  9 kobolds
  4 rats
53 creatures vanquished.

Vanquished Creatures (others)
  A fungus (D:2)
  9 toadstools (D:2)
10 creatures vanquished.

Grand Total: 63 creatures vanquished

Notes
Turn   | Place    | Note
-------+----------+-------------------------------------------
     0 | D:1      | gigimoi the Troll Transmuter began the quest for the Orb.
     0 | D:1      | Reached XP level 1. HP: 18/18 MP: 1/1
    51 | D:1      | Reached skill level 1 in Fighting
    77 | D:1      | Reached XP level 2. HP: 27/27 MP: 0/3
   199 | D:1      | Learned a level 2 spell: Wereblood
   381 | D:1      | Reached XP level 3. HP: 33/33 MP: 1/4
   902 | D:2      | Reached XP level 4. HP: 15/41 MP: 1/5
   904 | D:2      | Splashed by a jelly's acid

Illustrated notes

Levels and vault maps discovered:
D:1:      lightli_arrival_lavapool, layout_rooms
D:2:      cheibrodos_fertilizer, layout_rooms, hellmonk_ecumenical_altar_run_dry

Skill      XL: |  1  2  3 |
---------------+----------+-----
Fighting       | 1 |  1.0
Dodging        | 2 |  2.2
Transmutations | 2 |  2.5
Unarmed Combat | |  3.7
Spellcasting   | |  1.3

Action                   |  1- 3 |  4- 6 || total
-------------------------+-------+-------++-------
Melee: Unarmed           |   110 |     3 ||   113
       Headbutt          |     7 |       ||     7
       Kick              |     6 |       ||     6
       Punch             |     1 |       ||     1
 Cast: Beastly Appendage |    17 |       ||    17
       Wereblood         |     3 |       ||     3
 Stab: Sleeping          |     2 |       ||     2
Armor: Robe              |    49 |       ||    49
Dodge: Dodged            |    51 |       ||    51

Table legend: (Time is in decaauts)
 A = Elapsed time spent in this place.
 B = Non-inter-level travel time spent in this place.
 C = Inter-level travel time spent in this place.
 D = Time resting spent in this place.
 E = Time spent auto-exploring this place.
 F = Levels seen in this place.
 G = Mean time per level.
                   A        B        C        D        E       F      G
               +--------+--------+--------+--------+--------+-----+--------+
         Total |    895 |    861 |     34 |      0 |    608 |   2 |  447.5 |
       Dungeon |    895 |    861 |     34 |      0 |    608 |   2 |  447.5 |
               +--------+--------+--------+--------+--------+-----+--------+

Top non-repeatable levels by time:
     D:1: 577 daAuts
     D:2: 318 daAuts
